 Dungeon Crawl Stone Soup version 0.28-a0-653-g7e9dba17c3 (webtiles) character file.

Game seed: 12366942841303777118

6 ytrimaz the Skirmisher (level 1, 0/20 HPs)
             Began as a Hill Orc Monk on Oct 12, 2021.
             Slain by a quokka (2 damage)
             ... on level 1 of the Dungeon.
             The game lasted 00:00:22 (288 turns).

ytrimaz the Skirmisher (Hill Orc Monk)               Turns: 288, Time: 00:00:23

Health: 0/20       AC:  2    Str: 13    XL:     1   Next: 90%
Magic:  1/1        EV: 12    Int: 10    God:
Gold:   0          SH:  0    Dex: 13    Spells: 0/0 levels left

rFire   . . .      SeeInvis .   a - +0 falchion
rCold   . . .      Faith    .   (no shield)
rNeg    . . .      Spirit   .   b - +0 robe
rPois   .          Reflect  .   (no helmet)
rElec   .          Harm     .   (no cloak)
rCorr   .          Rampage  .   (no gloves)
Will    .....                   (no boots)
Stlth   ++........              (no amulet)
HPRegen 0.06/turn               (no ring)
MPRegen 0.07/turn               (no ring)

@: no status effects
A: no striking features
a: no special abilities


You were on level 1 of the Dungeon.
You visited 1 branch of the dungeon, and saw 1 of its levels.

Inventory:

Hand Weapons
 a - a +0 falchion (weapon)
Armour
 b - a +0 robe (worn)
Scrolls
 c - a scroll of amnesia {unknown}


   Skills:
 * Level 3.8 Fighting
 + Level 3.4 Long Blades
 * Level 0.3 Armour
 + Level 2.5 Dodging
 - Level 1.5 Stealth


You couldn't memorise any spells.
You didn't know any spells.
Your spell library was empty.

Dungeon Overview and Level Annotations

Branches:
Dungeon (1/15)

Altars:


Message History

An endoplasm comes into view.
The hobgoblin hits you but does no damage.
You closely miss the hobgoblin. The hobgoblin misses you.
The hobgoblin closely misses you.
You closely miss the hobgoblin. The hobgoblin hits you.
You hit the hobgoblin but do no damage. The hobgoblin hits you.
You hit the hobgoblin.
The hobgoblin is moderately wounded.
The hobgoblin barely misses you.
You hit the hobgoblin but do no damage.
The hobgoblin is moderately wounded.
The hobgoblin hits you but does no damage.
You hit the hobgoblin but do no damage.
The hobgoblin is moderately wounded.
The hobgoblin barely misses you.
You hit the hobgoblin.
The hobgoblin is heavily wounded.
The hobgoblin hits you but does no damage.
You hit the hobgoblin.
The hobgoblin is severely wounded.
The hobgoblin barely misses you. The endoplasm freezes you.
You are frozen.
You barely miss the hobgoblin.
The hobgoblin is severely wounded.
The endoplasm closely misses you.
The hobgoblin hits you but does no damage.
The endoplasm hits you. The hobgoblin hits you.
You slash the hobgoblin!
You kill the hobgoblin!
The quokka bites you. The endoplasm barely misses you.
Unknown command.
You barely miss the quokka. The quokka bites you.
* * * LOW HITPOINT WARNING * * *
The endoplasm misses you.
You hit the quokka but do no damage. The quokka bites you.
* * * LOW HITPOINT WARNING * * *
The endoplasm hits you but does no damage.
The quokka bites you.
You die...

#.........#.............#
#.........##...........##
####......###.........##
##........# ##.......##
#.........#######.######
#...#..........#...#....
....##..........#.#.....
....#######......#.....#
....# #####.@r..# ....#
###J...... ##### ###....
###


You could see an endoplasm and a quokka.

Vanquished Creatures
  A ball python (D:1)
  2 endoplasms (D:1)
  A hobgoblin (D:1)
  A rat (D:1)
5 creatures vanquished.

Notes
Turn   | Place    | Note
-------+----------+-------------------------------------------
     0 | D:1      | ytrimaz the Hill Orc Monk began the quest for the Orb.
     0 | D:1      | Reached XP level 1. HP: 19/19 MP: 1/1
   288 | D:1      | Slain by a quokka

Illustrated notes

Levels and vault maps discovered:
D:1:      psy_arrival_dodecagon, layout_rooms, minmay_misc_feat_plants,
          chequers_serial_rivers_marsh

Action                   || total
-------------------------++-------
Melee: Falchion          ||    28
Armor: Robe              ||     9
Dodge: Dodged            ||    32

Table legend: (Time is in decaauts)
 A = Elapsed time spent in this place.
 B = Non-inter-level travel time spent in this place.
 C = Inter-level travel time spent in this place.
 D = Time resting spent in this place.
 E = Time spent auto-exploring this place.
 F = Levels seen in this place.
 G = Mean time per level.
                   A        B        C        D        E       F      G
               +--------+--------+--------+--------+--------+-----+--------+
         Total |    291 |    291 |      0 |      0 |    234 |   1 |  291.0 |
       Dungeon |    291 |    291 |      0 |      0 |    234 |   1 |  291.0 |
               +--------+--------+--------+--------+--------+-----+--------+

Top non-repeatable levels by time:
     D:1: 291 daAuts
